 Dungeon Crawl Stone Soup version 0.29.1-12-g30fa7ad0bf (webtiles) character file.

Game seed: 3510391776037072937

460 fantasyman the Chopper (level 6, -6/56 HPs)
             Began as a Minotaur Fighter on Dec 28, 2022.
             Mangled by an ogre
             ... wielding a +0 giant spiked club
              (13 damage)
             ... on level 4 of the Dungeon.
             The game lasted 00:03:55 (3320 turns).

fantasyman the Chopper (Minotaur Fighter)           Turns: 3320, Time: 00:03:56

Health: -6/56      AC: 11    Str: 23    XL:     6   Next: 78%
Magic:  5/5        EV:  8    Int:  5    God:
Gold:   128        SH:  4    Dex:  9    Spells: 5/5 levels left

rFire   . . .      SeeInvis .   a - +0 war axe
rCold   . . .      Faith    .   c - +0 buckler
rNeg    . . .      Spirit   .   l - +0 chain mail
rPois   .          Reflect  .   (helmet restricted)
rElec   .          Harm     .   (no cloak)
rCorr   .          Rampage  .   g - +0 pair of gloves
Will    .....                   (no boots)
Stlth   ..........              (no amulet)
HPRegen 0.18/turn               (no ring)
MPRegen 0.09/turn               (no ring)

@: mighty
A: horns 2, retaliatory headbutt
a: no special abilities


You were on level 4 of the Dungeon.
You visited 1 branch of the dungeon, and saw 4 of its levels.

You collected 128 gold pieces.

Inventory:

Hand Weapons
 a - a +0 war axe (weapon)
Armour
 c - a +0 buckler (worn)
 g - a +0 pair of gloves (worn)
 l - a +0 chain mail (worn)
Scrolls
 e - 2 scrolls of poison {unknown}
 f - 4 scrolls of identify
Potions
 b - a potion of heal wounds {unknown}
 d - 3 potions of might
 h - a potion of degeneration
 i - 2 potions of curing
 j - a potion of invisibility


   Skills:
 + Level 5.0 Fighting
 + Level 6.4 Axes
 + Level 5.5 Armour
 - Level 1.4 Dodging
 + Level 4.0 Shields


You had 5 spell levels left.
You didn't know any spells.
Your spell library contained the following spells:

 Spells                   Type           Power      Damage    Failure   Level
 Magic Dart               Conj           0%         1d3       99%         1
 Call Imp                 Summ           0%         N/A       100%        2
 Conjure Flame            Conj/Fire      0%         6-21      100%        3
 Ignite Poison            Fire/Tmut/Pois 0%         N/A       100%        3
 Mephitic Cloud           Conj/Pois/Air  0%         N/A       100%        3
 Ozocubu's Armour         Ice            0%         N/A       100%        3
 Sticky Flame             Conj/Fire      0%         2d3       100%        4
 Ozocubu's Refrigeration  Ice            0%         4d7       100%        7


Dungeon Overview and Level Annotations

Branches:
Dungeon (4/15)
 Temple: D:4-7

Altars:


Innate Abilities, Weirdness & Mutations

You have a pair of horns on your head.
You reflexively headbutt those who attack you in melee.


Message History

You slash the hound!
You kill the hound!
No target in view!
f - 4 scrolls of identify (gained 1) Key pressed, stopping explore.
No target in view!
No target in view!
Key pressed, stopping explore.
No target in view!
No target in view!
An orc comes into view. It is wielding a +0 falchion.
The orc shouts!
Found a stone staircase leading up.
An orc is nearby!
The orc hits you but does no damage.
You hit the orc. Your headbutt misses the orc.
The orc is lightly wounded.
The orc barely misses you. You furiously retaliate!
You headbutt the orc. You barely miss the orc.
The orc is moderately wounded.
The orc barely misses you.
There are monsters nearby!
There are monsters nearby!
You slash the orc!
You kill the orc!
You feel very mighty all of a sudden.
The ogre hits you with a +0 giant spiked club!!
You closely miss the ogre. You slash the ogre!
The ogre is moderately wounded.
The ogre hits you with a +0 giant spiked club!
You are too injured to fight recklessly!
You barely miss the ogre.
The ogre is moderately wounded.
The ogre hits you with a +0 giant spiked club!!
* * * LOW HITPOINT WARNING * * *
You hit the ogre. You headbutt the ogre!
The ogre is severely wounded.
The ogre hits you with a +0 giant spiked club!
You die...

..# .# #... .# ♣
#.. #.# .. ...
#.# ♣#♣ #.# #.#
#..##.# #..O.#
#)@.##
.####....#### #
.............#.##
..###..##.##....
#.# #.#..###
...###...#
.<..#...###
.....#.#.#
######.#.#


You could see an ogre.

Vanquished Creatures
  Sigmund (D:2)
  A phantom (D:3)
  A necrophage (D:2)
  A hound (D:4)
  4 gnolls
  4 adders
  A worm (D:3)
  2 dart slugs
  2 orcs
  6 endoplasms
  4 goblins
  A hobgoblin (D:3)
  10 jackals
  6 kobolds
  2 quokkas (D:1)
  7 ball pythons
  4 bats (D:1)
  2 frilled lizards (D:3)
  2 rats
61 creatures vanquished.

Notes
Turn   | Place    | Note
-------+----------+-------------------------------------------
     0 | D:1      | fantasyman the Minotaur Fighter began the quest for the
                  | Orb.
     0 | D:1      | Reached XP level 1. HP: 19/19 MP: 0/0
   435 | D:1      | Reached XP level 2. HP: 27/27 MP: 1/1
   629 | D:1      | Reached XP level 3. HP: 29/33 MP: 2/2
  1088 | D:2      | Reached skill level 3 in Axes
  1157 | D:2      | Found a faded altar of an unknown god.
  1421 | D:2      | Reached XP level 4. HP: 39/41 MP: 3/3
  1450 | D:2      | Noticed Sigmund
  1465 | D:2      | Killed Sigmund
  1466 | D:2      | Reached skill level 5 in Axes
  1466 | D:2      | Reached skill level 5 in Armour
  1466 | D:2      | Reached XP level 5. HP: 25/47 MP: 4/4
  1656 | D:2      | Reached XP level 6. HP: 49/55 MP: 5/5
  2099 | D:3      | Reached skill level 5 in Fighting
  2099 | D:3      | Reached skill level 6 in Axes
  2099 | D:3      | Reached skill level 1 in Dodging
  2596 | D:3      | You fall into a shaft and drop 1 floor!
  3320 | D:4      | Mangled by an ogre

Illustrated notes

Levels and vault maps discovered:
D:1:      co_arrival_square_in_a_square_in_a_square, layout_basic
D:2:      layout_loops_ring, shapermc_ecumenical_altar_mp_ritualfount,
          kennysheep_generic_room_5, uniq_sigmund
D:3:      layout_basic
D:4:      layout_rooms, jmf_multi_god_temple2, serial_shops, shop_statue,
          nicolae_shop_hallway_stairs, serial_forest, infiniplex_forest_lined_2,
          infiniplex_forest_straight_2, infiniplex_forest_lined_2,
          infiniplex_forest_lined_corner, infiniplex_forest_clump_curved,
          gammafunk_ghost_split, kennysheep_generic_room_12

Skill      XL: |  1  2  3  4  5  6 |
---------------+-------------------+-----
Fighting       | 4 5 |  5.0
Armour         | 4 5 |  5.5
Axes           | 3 5 6 |  6.4
Shields        | 4 |  4.0
Dodging        | 1 |  1.4

Action                   |  1- 3 |  4- 6 || total
-------------------------+-------+-------++-------
Melee: War axe           |    62 |    71 ||   133
       Headbutt          |     7 |    13 ||    20
  Use: Scroll            |       |     4 ||     4
       Potion            |       |     1 ||     1
Armor: Scale mail        |    44 |    14 ||    58
       Chain mail        |       |    11 ||    11
Dodge: Dodged            |    38 |    27 ||    65
Block: Buckler           |    13 |     7 ||    20
